 Dungeon Crawl Stone Soup version 0.19.0-2-gae57169 (webtiles) character file.

510 DevlanMud the Chopper (level 6, -1/47 HPs)
             Began as a Demonspawn Fighter on Nov 4, 2016.
             Was an Initiate of Makhleb.
             Slain by an ogre
             ... wielding a +0 giant spiked club
              (15 damage)
             ... on level 4 of the Dungeon.
             The game lasted 00:11:48 (3102 turns).

DevlanMud the Chopper (Demonspawn Fighter)          Turns: 3102, Time: 00:11:51

Health: -1/47      AC: 12    Str: 19    XL:     6   Next: 98%
Magic:  6/6        EV: 10    Int: 11    God:    Makhleb [......]
Gold:   155        SH: 10    Dex: 17    Spells: 0 memorised, 5 levels left

rFire  + . .     SeeInvis .     a - +0 war axe
rCold  . . .     Gourm    .     u - +0 chain mail
rNeg   . . .     Faith    .     c - +1 shield
rPois  .         Spirit   .     (helmet restricted)
rElec  .         Reflect  .     (no cloak)
rCorr  .         Harm     .     (no gloves)
MR     .....                    (no boots)
Stlth  ..........               (no amulet)
                                (no ring)
                                r - ring of fire

@: agile
A: horns 1, icy blue scales 2, clever 1, cold resistance 1, low mp 1, powered by
pain 1, no device heal 1
a: Renounce Religion


You were on level 4 of the Dungeon.
You worshipped Makhleb.
Makhleb was noncommittal.
You were not hungry.

You visited 1 branch of the dungeon, and saw 5 of its levels.

You collected 155 gold pieces.

Inventory:

Hand Weapons
 a - a +0 war axe (weapon)
Missiles
 n - 41 stones (quivered)
Armour
 c - a +1 shield (worn)
 u - a +0 chain mail (worn)
Rods
 o - a -2 rod of inaccuracy (10/10)
   (You found it on level 2 of the Dungeon)
Jewellery
 r - a ring of fire (left hand)
Wands
 g - a wand of disintegration (16/24)
 h - a wand of hasting (4/9)
Scrolls
 k - 3 scrolls of teleportation
 p - 3 scrolls of remove curse
Potions
 b - a potion of haste
 d - a potion of might
 e - 2 potions of flight
 l - 2 potions of curing
Books
 i - a book of Changes

   Spells                             Type                      Level
   a - Beastly Appendage              Transmutation                1
   b - Sticks to Snakes               Transmutation                2
   c - Spider Form                    Transmutation/Poison         3
   d - Ice Form                       Ice/Transmutation            4
   e - Blade Hands                    Transmutation                5
 j - a book of Cantrips

   Spells                             Type                      Level
   a - Confusing Touch                Hexes                        1
   b - Animate Skeleton               Necromancy                   1
   c - Summon Small Mammal            Summoning                    1
   d - Apportation                    Translocation                1
Comestibles
 f - 6 bread rations
 m - a meat ration
 q - 2 chunks of flesh


   Skills:
 + Level 3.6 Fighting
 * Level 5.5 Axes
 + Level 3.4 Armour
 + Level 1.0 Dodging
 - Level 0.6 Stealth
 + Level 3.3 Shields
 * Level 1.3 Invocations
 + Level 0.2 Evocations


You had 5 spell levels left.
You didn't know any spells.

Dungeon Overview and Level Annotations

Branches:
Dungeon (5/15)
 Temple: D:4-7

Altars:
Makhleb


Innate Abilities, Weirdness & Mutations

You are mostly covered in icy blue scales. (AC +3)
Your flesh is cold resistant. (rC+)
You sometimes gain a little power by taking damage.
You have a pair of small horns on your head.
Your mind is acute. (Int +2)
Your magical capacity is low. (-10% MP)
Potions and wands are less effective at restoring your health.


Message History

The orc priest begins to cast a cantrip, but forgets the words!
There is a stone staircase leading up here.
The crimson imp blinks!
The orc wizard points at you and mumbles some strange words.
The puff of frost hits you! You block the ogre's attack.
The orc priest mumbles some strange prayers to Beogh against you.
Beogh smites you!
You focus on the pain.
You feel agile all of a sudden.
The orc wizard hits you but does no damage.
You climb upwards.
There is a stone staircase leading down here.
You barely miss the orc wizard. You headbutt the orc wizard.
The orc wizard is lightly wounded.
You hit the ogre. The orc wizard barely misses you.
The orc wizard points at you and mumbles some strange words.
The puff of flame hits you! You resist.
* * * LOW HITPOINT WARNING * * *
The ogre hits you with a giant spiked club!
You die...

###########
####.#.......#####
#@o............[..
####O#......###.##.#.
#....#.#.......^#<#.#
#....+.+.........#.#.
#....#+#........#.#.#
#................#.#.
####...........##.#.#
#...........###.#.
#....#########.#.#


You could see an ogre and an orc wizard.

Vanquished Creatures
  A phantom (D:4)
  An ogre (D:5)
  A scorpion (D:4)
  5 orc wizards
  A worker ant (D:5)
  A hound skeleton (D:5)
  4 adders
  An ooze (D:4)
  A worm (D:2)
  2 leopard geckos
  10 orcs
  3 bats
  2 giant cockroaches
  3 goblins
  6 hobgoblins
  11 jackals
  3 quokkas
  5 frilled lizards
  7 kobolds
  6 rats
74 creatures vanquished.

Notes
Turn   | Place    | Note
-------+----------+-------------------------------------------
     0 | D:1      | DevlanMud the Demonspawn Fighter began the quest for the Orb.
     0 | D:1      | Reached XP level 1. HP: 18/18 MP: 1/1
   734 | D:1      | Gained mutation: You are partially covered in icy blue scales. (AC +2) [demonic ancestry]
   734 | D:1      | Reached XP level 2. HP: 22/24 MP: 2/2
   945 | D:2      | Reached skill level 2 in Axes
  1038 | D:2      | Identified a -2 rod of inaccuracy (10/10) (You found it on level 2 of the Dungeon)
  1303 | D:3      | Gained mutation: You sometimes gain a little power by taking damage. [demonic ancestry]
  1303 | D:3      | Reached XP level 3. HP: 29/29 MP: 3/3
  1614 | D:3      | Reached skill level 3 in Axes
  1614 | D:3      | Gained mutation: You are mostly covered in icy blue scales. (AC +3) [demonic ancestry]
  1614 | D:3      | Reached XP level 4. HP: 30/35 MP: 4/4
  2084 | D:4      | Gained mutation: Your magical capacity is low. (-10% MP) [potion of mutation]
  2084 | D:4      | Gained mutation: Potions and wands are less effective at restoring your health. [potion of mutation]
  2099 | D:4      | Reached skill level 1 in Dodging
  2099 | D:4      | Gained mutation: Your flesh is cold resistant. (rC+) [demonic ancestry]
  2099 | D:4      | Reached XP level 5. HP: 41/41 MP: 4/4
  2115 | D:4      | Reached skill level 4 in Axes
  2147 | D:4      | Noticed a phantom
  2198 | D:4      | Killed a phantom
  2198 | D:4      | Reached XP level 6. HP: 34/47 MP: 5/5
  2318 | D:4      | Reached skill level 5 in Axes
  2625 | D:4      | Gained mutation: You have a pair of small horns on your head. [potion of mutation]
  2625 | D:4      | Gained mutation: Your mind is acute. (Int +2) [potion of mutation]
  2702 | D:5      | Entered Level 5 of the Dungeon
  2712 | D:5      | Found a burning altar of Makhleb.
  2738 | D:5      | Became a worshipper of Makhleb the Destroyer
  2891 | D:5      | Reached skill level 1 in Invocations
  3102 | D:4      | Slain by an ogre

Skill      XL: |  1  2  3  4  5  6 |
---------------+-------------------+-----
Armour         | 3 |  3.4
Axes           | 2 3 4 5 |  5.5
Dodging        | 1 |  1.0
Shields        | 3 |  3.3
Invocations    | 1 |  1.3
Fighting       | |  3.6
Stealth        | |  0.6
Evocations     | |  0.2

Action                   |  1- 3 |  4- 6 || total
-------------------------+-------+-------++-------
Melee: War axe           |    91 |   147 ||   238
       Headbutt          |       |    10 ||    10
Throw: Stone             |     1 |       ||     1
Evoke: Rod               |     2 |     4 ||     6
  Use: Scroll            |     5 |     5 ||    10
       Potion            |     5 |     3 ||     8
  Eat: Chunk             |     2 |     7 ||     9
Armor: Scale mail        |    41 |       ||    41
       Chain mail        |     3 |   104 ||   107
Dodge: Dodged            |    36 |    39 ||    75
Block: Shield            |    45 |    71 ||   116
